 Dungeon Crawl Stone Soup version 0.24-a0-244-ga6a6ab7 (webtiles) character file.

Game seed: 1345663912408202322

10110 Weazelbrain the Cleaver (level 11, -11/83 HPs)
             Began as a Demonspawn Gladiator on Apr 10, 2019.
             Was a High Priest of Okawaru.
             Killed from afar by a blizzard demon (37 damage)
             ... with a bolt of lightning
             ... on level 2 of the Abyss.
             The game lasted 00:29:36 (8000 turns).

Weazelbrain the Cleaver (Demonspawn Gladiator)      Turns: 8000, Time: 00:29:37

Health: -11/83     AC: 25    Str: 19    XL:     11   Next: 31%
Magic:  0/17       EV: 13    Int: 12    God:    Okawaru [*****.]
Gold:   404        SH:  0    Dex: 14    Spells: 17/18 levels left

rFire    . . .     SeeInvis +   L - +0 broad axe
rCold    . . .     Gourm    .   (no shield)
rNeg     . . .     Faith    .   r - +0 plate armour
rPois    +         Spirit   +   z - +2 helmet {Int+3}
rElec    .         Reflect  .   c - +2 cloak
rCorr    .         Harm     .   y - +2 pair of gloves
MR       .....                  (no boots)
Stlth    +.........             g - amulet of regeneration
HPRegen  0.63/turn              G - ring of poison resistance
MPRegen  0.30/turn              I - ring of see invisible

@: heroism
A: talons 1, magic shield, magic regeneration, rot immunity, sturdy frame 3
a: Heroism, Finesse, Renounce Religion


You were on level 2 of the Abyss.
You worshipped Okawaru.
Okawaru was extremely pleased with you.
You were not hungry.

You visited 1 branch of the dungeon, and saw 9 of its levels.
You visited the Abyss 1 time.

You collected 616 gold pieces.
You spent 212 gold pieces at shops.

Inventory:

Hand Weapons
 a - a +0 war axe
 w - a +0 battleaxe
 x - a +0 trident
 L - a +0 broad axe (weapon)
Missiles
 d - 4 throwing nets
 e - 5 needles of confusion
 o - 15 tomahawks (quivered)
 p - 4 javelins
Armour
 c - a +2 cloak (worn)
 l - a +0 chain mail
 r - a +0 plate armour (worn)
 y - a +2 pair of gloves (worn)
 z - a +2 helmet of intelligence (worn)
Jewellery
 g - an amulet of regeneration (around neck)
 G - a ring of poison resistance (left hand)
 I - a ring of see invisible (right hand)
Wands
 k - a wand of flame (12)
 A - a wand of random effects (46)
 E - a wand of iceblast (10)
Scrolls
 b - 3 scrolls of immolation
 j - a scroll of magic mapping
 q - a scroll of fog
 t - a scroll of amnesia
Potions
 h - a potion of agility
 i - 2 potions of curing
 m - a potion of magic {unknown}
 s - 2 potions of might
 u - 2 potions of degeneration {unknown}
 B - a potion of berserk rage {unknown}
 C - a potion of cancellation {unknown}
 D - a potion of resistance {unknown}
 H - 3 potions of brilliance
Comestibles
 f - 20 rations


   Skills:
 + Level 6.9(11.9) Fighting
 + Level 11.0(16.0) Axes
 - Level 2.0(7.0) Throwing
 + Level 5.9(10.9) Armour
 - Level 2.9(7.9) Dodging
 + Level 4.2 Spellcasting
 + Level 4.6 Hexes
 + Level 8.7 Invocations


You had 17 spell levels left.
You knew the following spells:

 Your Spells              Type           Power        Failure   Level  Hunger
a - Confusing Touch       Hex            ##....       11%         1    None

Your spell library contained the following spells:

 Spells                   Type           Power        Failure   Level  Hunger
 Animate Skeleton         Necr           N/A          61%         1    None
 Apportation              Tloc           #.....       61%         1    None
 Sandblast                Erth           #.....       61%         1    None
 Summon Small Mammal      Summ           #...         61%         1    None
 Summon Guardian Golem    Hex/Summ       #.......     65%         3    ###....
 Call Imp                 Summ           #.......     75%         2    ##.....
 Passwall                 Tmut/Erth      #.......     75%         2    ##.....
 Call Canine Familiar     Summ           #.......     93%         3    ###....
 Stone Arrow              Conj/Erth      #.....       93%         3    ###....
 Petrify                  Tmut/Erth      #.......     100%        4    ####...
 Summon Ice Beast         Ice/Summ       #.......     100%        4    ####...
 Summon Lightning Spire   Summ/Air       #.......     100%        4    ####...
 Lee's Rapid Deconstruct  Erth           #.........   100%        5    ######.


Dungeon Overview and Level Annotations

Branches:
Dungeon (9/15)             Temple (0/1) D:4
   Lair: D:8-11         Orc: D:9-12

Altars:
Hepliaklqana
Makhleb
Nemelex Xobeh
Okawaru
Sif Muna
Trog
Xom
Yredelemnul
Beogh

Shops:
D:8 *?

Annotations:
D:3 Grinder
D:4 3 runed translucent doors, geeko55's ghost, amateur MfIE
D:9 Erolcha


Innate Abilities, Weirdness & Mutations

You have sharp toenails.
When hurt, damage is shared between your health and your magic reserves.
You regenerate magic rapidly.
You are immune to rotting.
Your movements are significantly less encumbered by armour. (ER -6)


Message History

The hell hog is lightly wounded.
The hell hog closely misses you.
You slice the hell hog!!
The hell hog is heavily wounded.
The hell hog breathes fire at you.
The fireball explodes!
The fireball engulfs you!
The fireball engulfs the hell hog.
The hell hog resists.
You hear a bark!
You hear a roar!
You slash the hell hog!
The hell hog is almost dead.
You slash the blizzard demon! The hell hog bites you!
You hit the hell hog. You claw the hell hog.
You kill the hell hog!
Okawaru is honoured by your kill.
Your base Axes skill increases to level 11!
You slash the blizzard demon!
The substance of the Abyss twists violently, and a gateway leading down appears!
The blizzard demon gestures at you. The bolt of lightning hits you!!
The bolt of lightning hits you!!!
You die...

#.# .# .. .. #....
> .# . .
.###.#..##. ≈.. # #
#.# . .... .
#.#.##.. ..#
.≈#..#.. #.###..#
≈≈≈# #...#....# ##
...## ....#..§#..#
##.......#@...#
..#..#...##2§#..#
.♣≈##2.....#.#.##.#
..≈§.##.#..#.§.# .#
. § ≈.# #.#.§#. .
.. # .≈. ..#.# .#
....##≈ .)...# ..
...≈ ♣♣.##...# #.
##.#≈ ≈.# ..#


You could see a blizzard demon.

Vanquished Creatures
  A quicksilver dragon (Abyss:2)
  A hell hog (Abyss:2)
  A large abomination (Abyss:2)
  Joseph (D:7)
  An orange demon (Abyss:2)
  3 smoke demons (Abyss:2)
  An ancient zyme (Abyss:2)
  A freezing wraith (Abyss:2)
  A spriggan (D:8)
  A wraith (Abyss:2)
  3 small abominations (Abyss:2)
  A wyvern (D:9)
  A neqoxec (Abyss:2)
  A hungry ghost (D:7)
  Menkaure (D:7)
  A water moccasin (D:9)
  6 orc warriors
  2 ice beasts (D:5)
  A sky beast (D:5)
  4 phantoms
  6 ogres
  4 centaurs
  A big kobold (D:8)
  Blork the orc (D:6)
  4 bullfrogs
  A howler monkey (D:7)
  A bullfrog zombie (D:6)
  A centaur zombie (D:8)
  7 crimson imps
  2 quasits
  A bullfrog skeleton (D:5)
  6 hounds
  3 centaur skeletons
  3 orc priests
  3 gnoll shamans (D:8)
  3 iguanas
  2 jellies
  Jessica (D:3)
  Ijyb (D:3)
  10 orc wizards
  2 worker ants
  2 hound skeletons
  Robin (D:3)
  2 howler monkey skeletons
  14 gnolls
  12 adders
  2 shadow imps (D:6)
  2 oozes
  An adder zombie (D:8)
  2 adder skeletons
  6 worms
  2 dart slugs
  3 leopard geckos
  41 orcs
  2 ball pythons
  5 giant cockroaches
  11 goblins
  12 hobgoblins
  14 jackals
  2 quokkas
  7 bats
  6 frilled lizards
  4 kobolds
  A quokka zombie (D:8)
  11 rats
  A plant (D:8)
262 creatures vanquished.

Vanquished Creatures (others)
  An orc wizard (D:4)
  A plant (D:8)
  2 starspawn tentacles (Abyss:1)
4 creatures vanquished.

Grand Total: 266 creatures vanquished

Notes
Turn   | Place    | Note
-------+----------+-------------------------------------------
     0 | D:1      | Weazelbrain the Demonspawn Gladiator began the quest for
                  | the Orb.
     0 | D:1      | Reached XP level 1. HP: 16/16 MP: 1/1
   297 | D:1      | Gained mutation: Your movements are slightly less
                  | encumbered by armour. (ER -2) [demonic ancestry]
   297 | D:1      | Reached XP level 2. HP: 12/22 MP: 2/2
   626 | D:1      | Reached skill level 3 in Axes
  1080 | D:2      | Gained mutation: You have sharp toenails. [demonic
                  | ancestry]
  1080 | D:2      | Reached XP level 3. HP: 16/28 MP: 3/3
  1236 | D:2      | Reached skill level 1 in Armour
  1257 | D:2      | Found an iron altar of Okawaru.
  1290 | D:2      | Became a worshipper of Warmaster Okawaru
  1376 | D:1      | Reached XP level 4. HP: 21/34 MP: 4/4
  1491 | D:2      | Reached skill level 4 in Axes
  1756 | D:2      | Found a faded altar of an unknown god.
  2032 | D:3      | Found a burning altar of Makhleb.
  2071 | D:3      | Reached XP level 5. HP: 37/40 MP: 5/5
  2146 | D:3      | Found a shimmering altar of Xom.
  2186 | D:3      | Reached skill level 5 in Axes
  2192 | D:3      | Gained mutation: When hurt, damage is shared between your
                  | health and your magic reserves. [demonic ancestry]
  2192 | D:3      | Reached XP level 6. HP: 47/47 MP: 6/6
  2270 | D:3      | Noticed Robin
  2280 | D:3      | Killed Robin
  2356 | D:3      | Reached * piety under Okawaru
  2390 | D:3      | Noticed Jessica
  2398 | D:3      | Killed Jessica
  2398 | D:3      | Reached skill level 1 in Invocations
  2523 | D:3      | Found a sparkling altar of Nemelex Xobeh.
  2523 | D:3      | Noticed Grinder
  2580 | D:3      | Noticed Ijyb
  2595 | D:3      | Killed Ijyb
  2786 | D:4      | Gained mutation: You are immune to rotting. [demonic
                  | ancestry]
  2786 | D:4      | Reached XP level 7. HP: 41/52 MP: 5/8
  2831 | D:4      | Reached skill level 6 in Axes
  3060 | D:4      | Reached ** piety under Okawaru
  3210 | D:4      | Found a basalt altar of Yredelemnul.
  3249 | D:4      | Found a staircase to the Ecumenical Temple.
  3423 | D:4      | Found a runed translucent gate.
  3423 | D:4      | Found a runed translucent gate.
  3423 | D:4      | Identified the +4 spear of Light {protect, *Rage rPois
                  | Dex+6 Stlth+}
  3424 | D:4      | Found a runed translucent gate.
  3424 | D:4      | Found a roughly hewn altar of Beogh.
  3424 | D:4      | Noticed geeko55's ghost (amateur MfIE)
  3746 | D:5      | Entered Level 5 of the Dungeon
  3802 | D:5      | Reached skill level 7 in Axes
  3802 | D:5      | Gained mutation: Your movements are less encumbered by
                  | armour. (ER -4) [demonic ancestry]
  3802 | D:5      | Reached XP level 8. HP: 56/60 MP: 8/10
  4051 | D:5      | Reached skill level 5 in Invocations
  4165 | D:5      | Reached *** piety under Okawaru
  4165 | D:5      | Reached skill level 8 in Axes
  4368 | D:5      | Found a sparkling altar of Nemelex Xobeh.
  4573 | D:6      | Noticed Blork the orc
  4586 | D:6      | Killed Blork the orc
  4618 | D:6      | Gained mutation: You regenerate magic rapidly. [demonic
                  | ancestry]
  4618 | D:6      | Reached XP level 9. HP: 22/67 MP: 1/13
  4795 | D:6      | Reached skill level 5 in Fighting
  5351 | D:7      | Noticed Joseph
  5363 | D:7      | Killed Joseph
  5363 | D:7      | Received a gift from Okawaru
  5363 | D:7      | Reached skill level 9 in Axes
  5517 | D:7      | Noticed Menkaure
  5522 | D:7      | Killed Menkaure
  5711 | D:7      | Reached **** piety under Okawaru
  6238 | D:8      | Found a deep blue altar of Sif Muna.
  6350 | D:8      | Found a bloodstained altar of Trog.
  6415 | D:8      | Found Dach's Magic Scroll Shoppe.
  6418 | D:8      | Bought a scroll of magic mapping for 52 gold pieces
  6454 | D:8      | Reached XP level 10. HP: 69/76 MP: 15/15
  6536 | D:8      | Reached skill level 10 in Axes
  6568 | D:8      | Reached skill level 5 in Armour
  6910 | D:8      | Found Vomile's Assorted Antiques.
  6915 | D:8      | Bought a golden ring for 160 gold pieces
  7424 | D:9      | Found a hazy altar of Hepliaklqana.
  7424 | D:9      | Noticed Erolcha
  7435 | D:9      | Cast into level 1 of the Abyss (Erolcha)
  7529 | Abyss:1  | Noticed a tentacled starspawn
  7529 | Abyss:1  | Noticed a starcursed mass
  7529 | Abyss:1  | Noticed an apocalypse crab
  7544 | Abyss:2  | Noticed a large abomination
  7544 | Abyss:2  | Noticed a smoke demon
  7546 | Abyss:2  | Noticed an unseen horror
  7552 | Abyss:2  | Noticed a guardian serpent
  7554 | Abyss:2  | Killed a smoke demon
  7567 | Abyss:2  | Found a corrupted altar of Lugonu.
  7605 | Abyss:2  | Learned a level 1 spell: Confusing Touch
  7609 | Abyss:2  | Noticed a wretched star
  7620 | Abyss:2  | Noticed a quicksilver dragon
  7631 | Abyss:2  | Killed a quicksilver dragon
  7631 | Abyss:2  | Reached ***** piety under Okawaru
  7631 | Abyss:2  | Received a gift from Okawaru
  7785 | Abyss:2  | Found a corrupted altar of Lugonu.
  7837 | Abyss:2  | Gained mutation: Your movements are significantly less
                  | encumbered by armour. (ER -6) [demonic ancestry]
  7837 | Abyss:2  | Reached XP level 11. HP: 72/83 MP: 10/17
  7911 | Abyss:2  | Received a gift from Okawaru
  7989 | Abyss:2  | Noticed a blizzard demon
  7993 | Abyss:2  | Noticed a hell hog
  8000 | Abyss:2  | Killed a hell hog
  8000 | Abyss:2  | Reached skill level 11 in Axes
  8000 | Abyss:2  | Killed from afar by a blizzard demon

Levels and vault maps discovered:
D:1:      wander_arrival_desolate, layout_loops_ring
D:2:      layout_rooms, overflow_temple_1_default,
          chequers_ecumenical_altar_island, st_stairs_9, corexii_hall_statues_x
D:3:      layout_loops_cross, nicolae_overflow_hidden_temple, led_xom_imps,
          bloody_makhleb, first_ration, uniq_ijyb, uniq_robin, uniq_jessica,
          uniq_grinder
D:4:      layout_loops_ring, yredelemnul_altar_generic, temple_hall,
          biasface_ghost_orc_armoury
D:5:      layout_rooms, minmay_misc_feat_rugged, nemelex_dance_club_becter
D:6:      layout_basic, minivault_23, uniq_blork_the_orc
D:7:      layout_basic, uniq_joseph, uniq_menkaure
D:8:      kennysheep_seaside_town, layout_cave_pools, kennysheep_mini_moat,
          old_standard_altar, serial_shops, kennysheep_mini, nicolae_shop_trees,
          grunt_pizzeria, uniq_harold
D:9:      layout_long_grid, lemuel_round_altar, gammafunk_temple_overflow_claw,
          uniq_pikel, uniq_grum, uniq_erolcha
Abyss:1
Abyss:2:  hangedman_cross_veins

Skill      XL: |  1  2  3  4  5  6  7  8  9 10 11 |
---------------+----------------------------------+-----
Throwing       | 2 |  2.0
Axes           | 3 4 5 7 8 9 10 11 | 11.0
Armour         | 1 2 3 4 5 |  5.9
Fighting       | 3 4 6 |  6.9
Invocations    | 1 3 5 7 8 |  8.7
Spellcasting   | 4 |  4.2
Hexes          | 4 |  4.6
Dodging        | |  2.9

Action                   |  1- 3 |  4- 6 |  7- 9 | 10-12 || total
-------------------------+-------+-------+-------+-------++-------
Melee: War axe           |    99 |   180 |   528 |   103 ||   910
       Kick              |     9 |    32 |   149 |    78 ||   268
       Broad axe         |       |       |       |   117 ||   117
       Punch             |       |       |       |     6 ||     6
Throw: Stone             |     3 |       |       |       ||     3
       Tomahawk          |       |       |       |     7 ||     7
Invok: Heroism           |       |       |     6 |     6 ||    12
       Finesse           |       |       |       |     2 ||     2
  Use: Scroll            |       |       |    14 |     6 ||    20
       Potion            |       |       |       |     6 ||     6
  Eat: Chunk             |     2 |     4 |    12 |     4 ||    22
       Ration            |       |       |     1 |     1 ||     2
Armor: Leather armour    |    16 |       |       |       ||    16
       Chain mail        |    44 |   126 |   299 |    66 ||   535
       Plate armour      |       |       |       |    28 ||    28
Dodge: Dodged            |    73 |    93 |   235 |   117 ||   518

Table legend:
 A = Non-vault XP
 B = Vault XP
 C = Vault XP percentage of total XP
 D = Non-vault monster count
 E = Vault monster count
 F = Vault count percentage of total count
                 A         B        C        D         E       F
            +---------+---------+-------+---------+---------+-------
      Total |   11254 |    3190 |  22.1 |     213 |      49 |  18.7
            +---------+---------+-------+---------+---------+-------
        D:1 |      72 |       1 |   1.4 |      20 |       1 |   4.8
        D:2 |      69 |      40 |  36.7 |      29 |       1 |   3.3
        D:3 |     162 |     302 |  65.1 |      25 |      17 |  40.5
        D:4 |     674 |       0 |   0.0 |      35 |       0 |   0.0
        D:5 |    1111 |     123 |  10.0 |      22 |       2 |   8.3
        D:6 |     697 |      87 |  11.1 |      20 |       1 |   4.8
        D:7 |     843 |     581 |  40.8 |      21 |       2 |   8.7
        D:8 |     638 |    1660 |  72.2 |      24 |      24 |  50.0
        D:9 |     390 |       0 |   0.0 |       3 |       0 |   0.0
    Abyss:2 |    6598 |     396 |   5.7 |      14 |       1 |   6.7
            +---------+---------+-------+---------+---------+-------
